 Dungeon Crawl Stone Soup version 0.30-a0-23-ge60ba3568b (webtiles) character file.

Game seed: 3966522009923576659

1970 xian the Sneak (level 9, -17/55 HPs)
             Began as an Octopode Summoner on Aug 24, 2022.
             Killed from afar by Maggie (23 damage)
             ... with a bolt of fire
             ... on level 6 of the Dungeon on Aug 25, 2022.
             The game lasted 00:20:11 (6910 turns).

xian the Sneak (Octopode Summoner)                  Turns: 6910, Time: 00:20:11

Health: -17/55     AC:  1    Str: 10    XL:     9   Next: 20%
Magic:  0/17       EV: 14    Int: 19    God:
Gold:   230        SH:  0    Dex: 12    Spells: 6/19 levels left

rFire   . . .      SeeInvis .    G - +5 war axe
rCold   . . .      Faith    .    (no shield)
rNeg    + . .      Spirit   +    (helmet restricted)
rPois   +          Reflect  .    j - amulet of guardian spirit
rElec   .          Harm     .    m - ring of positive energy
rCorr   .          Rampage  .    q - +4 ring of slaying
Will    .....                    s - ring of wizardry
Stlth   ++++......               C - ring of poison resistance
HPRegen 0.18/turn                (no ring)
MPRegen 0.15/turn                (no ring)
                                 (no ring)
                                 (no ring)

@: no status effects
A: almost no armour, amphibious, 8 rings, camouflage 1, gelatinous body 1,
(nimble swimmer 1), tentacles
a: no special abilities


You were on level 6 of the Dungeon.
You visited 2 branches of the dungeon, and saw 7 of its levels.

You collected 230 gold pieces.

Inventory:

Hand Weapons
 G - a +5 war axe (weapon)
Missiles
 k - 4 poisoned darts
 I - 4 datura-tipped darts
Jewellery
 j - an amulet of guardian spirit (around mantle)
 m - a ring of positive energy (left tentacle)
 q - a +4 ring of slaying (right tentacle)
 s - a ring of wizardry (on tentacle)
 y - a ring of protection from cold
 C - a ring of poison resistance (on tentacle)
Wands
 x - a wand of charming (6)
 F - a wand of flame (30)
Scrolls
 e - 2 scrolls of enchant armour {unknown}
 i - 4 scrolls of identify
 l - a scroll of teleportation {unknown}
 n - a scroll of enchant weapon {unknown}
 r - a scroll of poison {unknown}
 t - 2 scrolls of magic mapping
 u - 2 scrolls of amnesia {unknown}
 v - a scroll of vulnerability {unknown}
 w - a scroll of acquirement {unknown}
 z - 2 scrolls of butterflies {unknown}
 H - a scroll of fear {unknown}
Potions
 a - 2 potions of magic
 b - 2 potions of cancellation
 c - a potion of ambrosia {unknown}
 d - 2 potions of mutation {unknown}
 f - a potion of lignification {unknown}
 g - a potion of resistance {unknown}
 h - a potion of degeneration {unknown}
 o - 2 potions of heal wounds {unknown}
 p - 3 potions of brilliance
 A - a potion of flight {unknown}
 B - a potion of might {unknown}
 D - a potion of invisibility {unknown}
 E - a potion of curing


   Skills:
 + Level 2.4 Fighting
 + Level 3.7 Short Blades
 + Level 2.8 Axes
 + Level 4.3 Dodging
 + Level 7.2 Stealth
 + Level 5.5 Spellcasting
 + Level 1.7 Hexes
 + Level 6.7 Summonings


You had 6 spell levels left.
You knew the following spells:

 Your Spells              Type           Power      Damage    Failure   Level
a - Summon Small Mammal   Summ           100%       N/A       1%          1
b - Call Imp              Summ           30%        N/A       1%          2
c - Call Canine Familiar  Summ           30%        N/A       1%          3
d - Summon Guardian Gole  Hex/Summ       21%        N/A       2%          3
e - Summon Lightning Spi  Summ/Air       18%        N/A       12%         4

Your spell library contained the following spells:

 Spells                   Type           Power      Damage    Failure   Level
 Magic Dart               Conj           20%        1d4       4%          1
 Sting                    Tmut/Pois      20%        1d4       4%          1
 Confusing Touch          Hex            12%        N/A       7%          3
 Blink                    Tloc           10%        N/A       8%          2
 Poisonous Vapours        Pois/Air       10%        N/A       8%          2
 Searing Ray              Conj           10%        2d4       8%          2
 Ozocubu's Armour         Ice            5%         N/A       14%         3
 Fulminant Prism          Conj/Hex       4%         3d6       32%         4
 Corpse Rot               Necr/Pois/Air  5%         N/A       41%         4
 Olgreb's Toxic Radiance  Pois           5%         N/A       41%         4
 Metabolic Englaciation   Hex/Ice        4%         N/A       63%         5
 Yara's Violent Unravell  Hex/Tmut       4%         3d4       63%         5
 Manifold Assault         Tloc           5%         N/A       75%         5
 Simulacrum               Ice/Necr       2%         N/A       99%         6
 Enfeeble                 Hex            6%         N/A       100%        7
 Storm Form               Tmut/Air       2%         N/A       100%        7


Dungeon Overview and Level Annotations

Branches:
Dungeon (6/15)             Temple (1/1) D:4

Altars:
Ashenzari
Cheibriados
Gozag
Kikubaaqudgha
Makhleb
Okawaru
Qazlal
Ru
Sif Muna
Trog
Uskayaw
Vehumet
Wu Jian
Xom
Yredelemnul
Zin
The Shining One

Annotations:
D:6 Edmund, Maggie


Innate Abilities, Weirdness & Mutations

You cannot wear most types of armour.
You are amphibious.
You can wear up to eight rings at the same time.
Your skin changes colour to match your surroundings (Stealth+).
Your rubbery body absorbs attacks. (AC +1, EV +1)
((You are camouflaged when in or above water. (Stealth+)))
You have tentacles for arms and can constrict up to eight enemies at once.


Message History

Confirm with . or Enter, or press ? or * to list all spells.
You miscast Summon Lightning Spire.
You are very lightly contaminated with residual magic.
Sparks of electricity dance around you!
Maggie points at you and mumbles some strange words.
The bolt of fire hits you!
Casting: Summon Lightning Spire (dangerous; 12% risk of failure)
Confirm with . or Enter, or press ? or * to list all spells.
Maggie mumbles some strange words.
Maggie attempts to bespell you!
You easily resist.
Maggie points at you and mumbles some strange words.
The bolt of fire misses your hound. The bolt of fire hits you!!
* * * LOW HITPOINT WARNING * * *
Your hound bites Maggie but does no damage.
Maggie says, "If you die in the Dungeon, but nobody's around to see it, does it really matter?"
Maggie hits your hound with a +0 war axe!
Your hound bites Maggie but does no damage.
Your hound barely misses Maggie.
Your hound bites Maggie but does no damage.
Your hound barely misses Maggie.
Something hits your hound!
Your hound dies!
Your hound's corpse disappears in a puff of smoke!
As you read the scroll labelled RINEERAYWK, it crumbles to dust.
It is a scroll of identify.
t - 2 scrolls of magic mapping
Okay, then.
Sorry, you're not good enough to have a special ability.
Casting: Call Canine Familiar (safe; 1% risk of failure)
Confirm with . or Enter, or press ? or * to list all spells.
A shadowy apparition takes form in the air.
Maggie casts a spell at you. The bolt of fire misses you.
Your magical contamination has completely faded away.
Maggie points at you and mumbles some strange words.
The bolt of fire misses you.
You see here an adder corpse.
Maggie casts a spell at you. The bolt of fire hits you!!
You die...

............####...
...........).......
########...[........
+...@.##.....(......
#.................##
#.###.5.####......#
#.#E#...#E##......#
#####.###.†.###.......+
#..........@..........#
#........._...........#
#.....................#
#...#.###...###....
#...#>#E#...#E#....
#...#####...### ...
..... +...... .. ##..
#......[ #.........


You could see Maggie (ally target), an earth elemental, a water elemental, a
fire elemental, an air elemental and a friendly shadow imp (summoned).

Vanquished Creatures
  A black bear (D:5)
  A phantom (D:5)
  3 necrophages (D:4)
  A scorpion (D:5)
  A water moccasin zombie (D:4)
  2 wights (D:4)
  A centaur zombie (D:4)
  A jelly (D:4)
  A hound (D:4)
  A human zombie (D:4)
  3 iguanas
  2 scorpion zombies (D:4)
  2 hound zombies (D:4)
  3 adders
  A gnoll (D:6)
  An ufetubus (D:5)
  An adder zombie (D:4)
  3 worms
  A dart slug (D:4)
  4 orcs
  3 bats (D:2)
  4 endoplasms
  4 giant cockroaches
  4 goblins
  A hobgoblin (D:4)
  A kobold (D:4)
  4 quokkas
  4 ball pythons
  5 frilled lizards
  2 rats (D:1)
66 creatures vanquished.

Vanquished Creatures (collateral kills)
  Sigmund (D:2)
  An ogre (D:5)
  A hound (D:4)
  Crazy Yiuf (D:5)
  Jessica (D:2)
  2 adders
  An ufetubus (D:4)
  5 orcs
  3 endoplasms
  A giant cockroach (D:1)
  2 goblins (D:1)
  2 hobgoblins
  4 jackals (D:4)
  2 ball pythons (D:2)
  5 bats
  A frilled lizard (D:1)
  A rat (D:2)
34 creatures vanquished.

Vanquished Creatures (others)
  Pikel (D:4)
  2 ice beasts (D:5)
  A lemure (D:4)
  A gnoll bouda (D:6)
  A gnoll (D:6)
  4 fungi (D:5)
10 creatures vanquished.

Grand Total: 110 creatures vanquished

Notes
Turn   | Place    | Note
-------+----------+-------------------------------------------
     0 | D:1      | xian the Octopode Summoner began the quest for the Orb.
     0 | D:1      | Reached XP level 1. HP: 11/11 MP: 3/3
   242 | D:1      | Reached XP level 2. HP: 17/17 MP: 1/5
   246 | D:1      | Learned a level 2 spell: Call Imp
   652 | D:1      | You fall into a shaft and drop 1 floor!
   714 | D:2      | Reached XP level 3. HP: 9/21 MP: 2/6
  1302 | D:2      | Found a faded altar of an unknown god.
  1345 | D:2      | Found a bloodstained altar of Trog.
  1358 | D:2      | Reached skill level 3 in Stealth
  1632 | D:2      | Noticed Jessica
  1658 | D:2      | Killed Jessica
  1659 | D:2      | Reached XP level 4. HP: 18/27 MP: 4/7
  1813 | D:2      | Noticed Sigmund
  2125 | D:3      | Learned a level 3 spell: Call Canine Familiar
  2597 | D:2      | Killed Sigmund
  2598 | D:2      | Reached skill level 1 in Fighting
  2598 | D:2      | Reached skill level 1 in Short Blades
  2598 | D:2      | Reached skill level 4 in Stealth
  2598 | D:2      | Reached skill level 5 in Summonings
  2598 | D:2      | Reached XP level 5. HP: 28/33 MP: 3/9
  2598 | D:2      | Reached XP level 6. HP: 32/38 MP: 3/10
  2656 | D:2      | Learned a level 3 spell: Summon Guardian Golem
  3038 | D:4      | Noticed Pikel
  3052 | D:4      | Killed Pikel
  3053 | D:4      | Reached skill level 5 in Stealth
  3053 | D:4      | Reached XP level 7. HP: 43/43 MP: 2/13
  3410 | D:4      | Found a burning altar of Makhleb.
  3412 | D:4      | Found a staircase to the Ecumenical Temple.
  3426 | Temple   | Entered the Ecumenical Temple
  3826 | D:4      | Reached skill level 6 in Stealth
  3827 | D:4      | Found a broken altar of Ashenzari.
  3831 | D:4      | Reached XP level 8. HP: 7/48 MP: 1/14
  3831 | D:4      | Found an ornate altar of the Wu Jian Council.
  3832 | D:4      | Found a shimmering altar of Xom.
  4291 | D:4      | Found a basalt altar of Yredelemnul.
  4670 | D:4      | Reached skill level 7 in Stealth
  5087 | D:5      | Entered Level 5 of the Dungeon
  5174 | D:5      | Reached skill level 1 in Axes
  5532 | D:5      | Reached skill level 5 in Spellcasting
  5532 | D:5      | Reached skill level 1 in Hexes
  5532 | D:5      | Reached XP level 9. HP: 16/55 MP: 1/16
  6346 | D:5      | Found a runed translucent door.
  6347 | D:5      | Noticed Crazy Yiuf
  6365 | D:5      | Killed Crazy Yiuf
  6532 | D:6      | Noticed Edmund
  6857 | D:6      | Found a stormy altar of Qazlal.
  6871 | D:6      | Learned a level 4 spell: Summon Lightning Spire
  6872 | D:6      | Noticed Maggie
  6910 | D:6      | Killed from afar by Maggie

Illustrated notes

Levels and vault maps discovered:
D:1:      tarquinn_simple_flora_water_f, layout_basic, kennysheep_nondescript,
          minmay_hexomino_f4
D:2:      layout_loops_ring, basic_altar, basic_ecumenical_altar, uniq_sigmund,
          uniq_jessica
D:3:      layout_basic, st_stairs_2, minivault_4
D:4:      layout_loops_cross, lemuel_crystal_altar,
          chequers_temple_overflow_statue_of_worship,
          lemuel_mausoleum_altar_yredelemnul, minmay_temple_entry_stoned_glass,
          uniq_pikel
D:5:      layout_loops_ring, uniq_crazy_yiuf_cottage
D:6:      layout_basic, nicolae_qazlal_style_of_elements,
          beargit_hepliaklqana_dungeon_heroes, gammafunk_ghost_hive,
          uniq_maggie, uniq_edmund, uniq_duvessa
Temple:   nicolae_temple_bog_church

Skill      XL: |  1  2  3  4  5  6  7  8 |
---------------+-------------------------+-----
Stealth        | 3 4 5 6 7 |  7.2
Fighting       | 1 2 |  2.4
Short Blades   | 1 2 3 |  3.7
Spellcasting   | 3 4 5 |  5.5
Summonings     | 5 6 |  6.7
Dodging        | 3 4 |  4.3
Axes           | 2 |  2.8
Hexes          | 1 |  1.7

Action                   |  1- 3 |  4- 6 |  7- 9 || total
-------------------------+-------+-------+-------++-------
Melee: Unarmed           |     4 |       |       ||     4
       Tentacles         |    11 |     4 |    31 ||    46
       Constrict         |     9 |     6 |    28 ||    43
       Short sword       |    42 |    34 |    51 ||   127
       Club              |     1 |       |       ||     1
       War axe           |       |       |    51 ||    51
       Punch             |       |       |     3 ||     3
 Cast: Summon Small Mamm |    24 |    13 |    12 ||    49
       Call Canine Famil |       |     2 |    14 ||    16
       Call Imp          |       |     2 |    10 ||    12
       Summon Guardian G |       |     1 |     8 ||     9
       Summon Lightning  |       |       |     1 ||     1
  Use: Potion            |       |       |     3 ||     3
       Scroll            |       |       |     1 ||     1
 Stab: Sleeping          |     4 |     6 |     6 ||    16
Armor: Skin              |    13 |     3 |     6 ||    22
Dodge: Dodged            |    62 |    36 |   117 ||   215

Table legend: (Time is in decaauts)
 A = Elapsed time spent in this place.
 B = Non-inter-level travel time spent in this place.
 C = Inter-level travel time spent in this place.
 D = Time resting spent in this place.
 E = Time spent auto-exploring this place.
 F = Levels seen in this place.
 G = Mean time per level.
                   A        B        C        D        E       F      G
               +--------+--------+--------+--------+--------+-----+--------+
         Total |   6936 |   6695 |    241 |    198 |   4538 |   7 |  990.9 |
       Dungeon |   6675 |   6451 |    224 |    198 |   4408 |   6 | 1112.5 |
        Temple |    261 |    244 |     17 |      0 |    130 |   1 |  261.0 |
               +--------+--------+--------+--------+--------+-----+--------+

Top non-repeatable levels by time:
     D:4: 1797 daAuts
     D:5: 1647 daAuts
     D:1: 1210 daAuts
     D:2: 1151 daAuts
     D:3: 683 daAuts
  Temple: 261 daAuts
     D:6: 184 daAuts
